 Dungeon Crawl Stone Soup version 0.19.0-2-gae57169 (webtiles) character file.

97 Jorund the Charlatan (level 4, -2/28 HPs)
             Began as an Octopode Artificer on Nov 3, 2016.
             Slain by an orc
             ... wielding a +0 short sword
              (5 damage)
             ... on level 3 of the Dungeon.
             The game lasted 00:03:12 (1962 turns).

Jorund the Charlatan (Octopode Artificer)           Turns: 1962, Time: 00:03:13

Health: -2/28      AC:  1    Str: 10 (11) XL:     4   Next: 68%
Magic:  8/8        EV: 13    Int: 16 (19) God:
Gold:   32         SH:  0    Dex: 11 (12) Spells: 0 memorised, 3 levels left

rFire  . . .     SeeInvis .     h - +1 short sword (venom)
rCold  . . .     Gourm    .     (no shield)
rNeg   . . .     Faith    .     (helmet restricted)
rPois  .         Spirit   .     (no amulet)
rElec  .         Reflect  .     (no ring)
rCorr  .         Harm     .     (no ring)
MR     .....                    (no ring)
Stlth  +++.......               (no ring)
                                (no ring)
                                (no ring)
                                (no ring)
                                (no ring)

@: brilliant, lethally poisoned (-2 -> -5)
A: almost no armour, stealthy swim, amphibious, 8 rings, constrict 8, camouflage
1, gelatinous body 1
a: no special abilities


You were on level 3 of the Dungeon.
You were not hungry.

You visited 1 branch of the dungeon, and saw 3 of its levels.

You collected 32 gold pieces.

Inventory:

Hand Weapons
 h - a +1 short sword of venom (weapon)
 l - a +0 blowgun
Missiles
 m - 11 poisoned needles
Armour
 j - a +0 shield
Wands
 b - a wand of flame (5/48)
 c - a wand of enslavement (15/24)
 d - a wand of random effects (8/48)
Scrolls
 a - 3 scrolls of identify {unknown}
 g - 3 scrolls of teleportation {unknown}
 k - 2 scrolls of remove curse {unknown}
Potions
 e - 2 potions of brilliance
Comestibles
 f - 2 bread rations
 i - 2 chunks of flesh


   Skills:
 - Level 1.0 Fighting
 + Level 1.5 Short Blades
 - Level 2.0 Dodging
 - Level 1.3 Stealth
 + Level 5.6 Evocations


You had 3 spell levels left.
You didn't know any spells.

Dungeon Overview and Level Annotations

Branches:
Dungeon (3/15)

Altars:
Dithmenos


Innate Abilities, Weirdness & Mutations

You cannot wear most types of armour.
You are very stealthy in the water. (Stealth+)
You are amphibious.
You can wear up to eight rings at the same time.
You can use your tentacles to constrict eight enemies at once.
Your skin changes colour to match your surroundings (Stealth+).
Your rubbery body absorbs attacks. (AC +1, EV +1)


Message History

The adder bites you but does no damage.
Unknown command.
Evoke which item? (* to show all) (? for menu, Esc to quit)
Zapping:
b - a wand of flame (6/48)
Press: ? - help, Shift-Dir - straight line, f/p - adder
Aim: an adder (fast)
The puff of flame hits the adder.
The adder is moderately wounded.
This wand has 5 charges left.
The adder bites you.
* * * LOW HITPOINT WARNING * * *
The goblin barely misses you. The orc barely misses you. The adder bites you.
* * * LOW HITPOINT WARNING * * *
An orc comes into view. It is wielding a hand axe.
It was a potion of degeneration.
There was something very wrong with that liquid.
You feel weakened.
You feel dopey.
You feel clumsy.
You feel sick. The adder bites you.
* * * LOW HITPOINT WARNING * * *
The goblin misses you. The orc hits you with a short sword.
You die...

.........#..... .#.#.#.#.#....o..
.................
#.#.#.#.#.........#
.....K.?...........
.##................ #
...##............<. # .
#####....gSo.........# #
..#......##.@#.........## ###
..............#..........###..
#.. #...).............[.......
#.# #.................<..##.#.
#.# #.........#..........##.#.
#.# #....†...##..........##.#.
####.###.......................#.
#.....##........##...............
........##+##........#.......#...


You could see an adder, 2 orcs, a goblin and a kobold.

Vanquished Creatures
  Jessica (D:2)
  Terence (D:2)
  2 adders (D:3)
  2 worms
  3 orcs (D:3)
  A bat (D:2)
  2 goblins
  3 hobgoblins
  2 frilled lizards
  4 kobolds
  3 rats
24 creatures vanquished.

Notes
Turn   | Place    | Note
-------+----------+-------------------------------------------
     0 | D:1      | Jorund the Octopode Artificer began the quest for the Orb.
     0 | D:1      | Reached XP level 1. HP: 13/13 MP: 3/3
  1083 | D:2      | Reached XP level 2. HP: 18/18 MP: 4/4
  1104 | D:2      | Found a shadowy altar of Dithmenos.
  1194 | D:2      | Reached skill level 4 in Evocations
  1203 | D:2      | Noticed Jessica
  1205 | D:2      | Killed Jessica
  1205 | D:2      | Reached XP level 3. HP: 23/23 MP: 4/6
  1370 | D:2      | Noticed Terence
  1380 | D:2      | Killed Terence
  1380 | D:2      | Reached skill level 5 in Evocations
  1380 | D:2      | Reached XP level 4. HP: 12/28 MP: 7/7
  1962 | D:3      | Slain by an orc

Skill      XL: |  1  2  3 |
---------------+----------+-----
Evocations     | 4 5 |  5.6
Fighting       | |  1.0
Short Blades   | |  1.5
Dodging        | |  2.0
Stealth        | |  1.3

Action                   |  1- 3 |  4- 6 || total
-------------------------+-------+-------++-------
Melee: Short sword       |    21 |    25 ||    46
       Constrict         |     4 |     5 ||     9
       Tentacles         |     2 |     3 ||     5
Evoke: Wand              |     6 |    11 ||    17
  Use: Potion            |       |     2 ||     2
 Stab: Sleeping          |     5 |     1 ||     6
  Eat: Chunk             |     1 |     2 ||     3
Armor: Skin              |     1 |     1 ||     2
Dodge: Dodged            |     7 |    18 ||    25
